 Dungeon Crawl Stone Soup version 0.30-a0-476-g330ca2eb8e (webtiles) character file.

Game seed: 6846334863552010512

23 xzight the Firebug (level 2, 0/15 HPs)
             Began as a Deep Elf Fire Elementalist on Dec 22, 2022.
             Slain by Sigmund
             ... wielding a +1 vampiric scythe
              (9 damage)
             ... on level 2 of the Dungeon.
             The game lasted 00:02:03 (1514 turns).

xzight the Firebug (Deep Elf Fire Elementalist)     Turns: 1514, Time: 00:02:03

Health: 0/15       AC:  6    Str:  5    XL:     2   Next: 72%
Magic:  5/8        EV: 13    Int: 19    God:
Gold:   75         SH:  0    Dex: 15    Spells: 4/7 levels left

rFire   . . .      SeeInvis .    (no weapon)
rCold   . . .      Faith    .    (no shield)
rNeg    . . .      Spirit   .    a - +0 robe
rPois   .          Reflect  .    (no helmet)
rElec   .          Harm     .    (no cloak)
rCorr   .          Rampage  .    (no gloves)
Will    .....                    (no boots)
Stlth   ++........               (no amulet)
HPRegen 0.22/turn                T - +4 ring of protection
MPRegen 0.11/turn                (no ring)

@: no status effects
A: no striking features
a: no special abilities


You were on level 2 of the Dungeon.
You visited 1 branch of the dungeon, and saw 2 of its levels.

You collected 75 gold pieces.


   Skills:
 + Level 2.9 Dodging
 - Level 2.4 Stealth
 + Level 3.4 Spellcasting
 + Level 1.7 Conjurations
 + Level 3.6 Fire Magic


You had 4 spell levels left.
You knew the following spells:

 Your Spells              Type           Power      Damage    Failure   Level
a - Foxfire               Conj/Fire      52%        2x1d6     4%          1
b - Scorch                Fire           34%        2d6       4%          2

Your spell library contained the following spells:

 Spells                   Type           Power      Damage    Failure   Level
 Magic Dart               Conj           36%        1d4       8%          1
 Searing Ray              Conj           18%        2d5       11%         2
 Inner Flame              Hex/Fire       10%        N/A       21%         3
 Ensorcelled Hibernation  Hex/Ice        6%         N/A       22%         2
 Kindle Blastsparks       Fire/Tloc/Air  14%        2d11      26%         3
 Dazzling Flash           Conj/Hex       12%        N/A       30%         3
 Spider Form              Tmut/Pois      3%         N/A       41%         3
 Flame Wave               Conj/Fire      13%        2d6       43%         4
 Fulminant Prism          Conj/Hex       3%         3d5       71%         4
 Anguish                  Hex/Necr       1%         N/A       82%         4
 Agony                    Necr           3%         N/A       99%         5
 Silence                  Hex/Air        1%         N/A       99%         5

Inventory:

Missiles
 k - a throwing net {=f}
Armour
 a - a +0 robe (worn)
Jewellery
 T - a +4 ring of protection (left hand)
Scrolls
 c - a scroll of fear {unknown}
 d - a scroll of enchant weapon {unknown}
 e - a scroll of fog {unknown}
 g - a scroll of noise {unknown}
 h - a scroll of acquirement {unknown}
Potions
 b - a potion of magic
 f - a potion of brilliance {unknown}
 i - a potion of mutation {unknown}
 j - a potion of curing {unknown}
 l - a potion of resistance {unknown}

Dungeon Overview and Level Annotations

Branches:
Dungeon (2/15)

Altars:

Annotations:
D:2 Sigmund

# ### #.#.^...@.
####.#.......
###............
..########....#.........
............@....>...ยง
..#####.#####{#.....
#.##....#.#.##
#.##{###....# #.##.#
#....#######
#.##.###......[...#
#..#........#####.#
##.#####....#####.#
#.#...........##.#


There were no monsters in sight!


Message History

You climb upwards.
Reactivating autopickup.
There is a stone staircase leading down here.
You start resting.
HP restored.
Magic restored.
You climb downwards.
Level annotation: Sigmund Sigmund closely misses you.
There is a stone staircase leading up here.
Casting: Scorch (safe; 4% risk of failure)
Confirm with . or Enter, or press ? or * to list all spells.
Flames lash Sigmund.
Sigmund is heavily wounded.
Sigmund's fire resistance burns away.
Sigmund barely misses you. Sigmund barely misses you.
Casting: Scorch (safe; 4% risk of failure)
Confirm with . or Enter, or press ? or * to list all spells.
Flames lash Sigmund.
Sigmund is burned terribly!
Sigmund is severely wounded.
Sigmund gestures wildly while chanting.
Sigmund flickers and vanishes!
Deactivating autopickup; reactivate with Ctrl-A.
You miss something. Something hits you.
You hit something but do no damage. Something hits you but does no damage.
You hit something but do no damage. You barely miss something.
Something hits you.
You hit something but do no damage. Something hits you!
Ouch! That really hurt!
You die...

Action                   || total
-------------------------++-------
Melee: Unarmed           ||    34
       Punch             ||     1
 Cast: Foxfire           ||    53
       Scorch            ||     3
Armor: Robe              ||    27
Dodge: Dodged            ||    65

Levels and vault maps discovered:
D:1:      sevenhm_arrival_forest_fort_small_6, layout_loops_ring,
          ebering_ecumenical_altar_petrified, serial_bayou_crossing
D:2:      layout_basic, nicolae_concentric_dashed_squares_wild, uniq_sigmund

Notes
Turn   | Place    | Note
-------+----------+-------------------------------------------
     0 | D:1      | xzight the Deep Elf Fire Elementalist began the quest for
                  | the Orb.
     0 | D:1      | Reached XP level 1. HP: 10/10 MP: 6/6
   361 | D:1      | Reached XP level 2. HP: 15/15 MP: 2/8
   383 | D:1      | Found a faded altar of an unknown god.
  1463 | D:2      | Noticed Sigmund
  1467 | D:2      | Learned a level 2 spell: Scorch
  1514 | D:2      | Slain by Sigmund

Vanquished Creatures
  4 bats (D:1)
  2 endoplasms
  A giant cockroach (D:1)
  2 goblins (D:1)
  A hobgoblin (D:1)
  4 jackals (D:1)
  A quokka (D:1)
  3 ball pythons (D:1)
  A frilled lizard (D:1)
  3 rats (D:1)
22 creatures vanquished.

Vanquished Creatures (collateral kills)
  6 foxfires (D:1)
6 creatures vanquished.

Vanquished Creatures (others)
  84 foxfires
  4 withered plants (D:1)
88 creatures vanquished.

Grand Total: 116 creatures vanquished

Table legend: (Time is in decaauts)
 A = Elapsed time spent in this place.
 B = Non-inter-level travel time spent in this place.
 C = Inter-level travel time spent in this place.
 D = Time resting spent in this place.
 E = Time spent auto-exploring this place.
 F = Levels seen in this place.
 G = Mean time per level.
                   A        B        C        D        E       F      G
               +--------+--------+--------+--------+--------+-----+--------+
         Total |   1522 |   1505 |     17 |    378 |    882 |   2 |  761.0 |
       Dungeon |   1522 |   1505 |     17 |    378 |    882 |   2 |  761.0 |
               +--------+--------+--------+--------+--------+-----+--------+

Top non-repeatable levels by time:
     D:1: 1439 daAuts
     D:2: 83 daAuts

Table legend:
 A = Non-vault XP
 B = Vault XP
 C = Vault XP percentage of total XP
 D = Non-vault monster count
 E = Vault monster count
 F = Vault count percentage of total count
                 A         B        C        D         E       F
            +---------+---------+-------+---------+---------+-------
      Total |      33 |       0 |   0.0 |      22 |       0 |   0.0
            +---------+---------+-------+---------+---------+-------
        D:1 |      31 |       0 |   0.0 |      21 |       0 |   0.0
        D:2 |       2 |       0 |   0.0 |       1 |       0 |   0.0
            +---------+---------+-------+---------+---------+-------
